 Dungeon Crawl Stone Soup version 0.26.1-11-gd32895ea62 (webtiles) character file.

Game seed: 6569683477360628268

5083 bigdumb the Protected (level 10, -8/86 HPs)
             Began as a Minotaur Fighter on June 20, 2021.
             Was a Priest of the Shining One.
             Mangled by a two-headed ogre
             ... wielding a +0 giant club
              (19 damage)
             ... on level 9 of the Dungeon on June 21, 2021.
             The game lasted 00:13:18 (9319 turns).

bigdumb the Protected (Minotaur Fighter)            Turns: 9319, Time: 00:13:18

Health: -8/86      AC: 14    Str: 25    XL:     10   Next: 31%
Magic:  9/9        EV: 12    Int:  5    God:    the Shining One [***...]
Gold:   757        SH: 11    Dex:  9    Spells: 9/9 levels left

rFire    + . .     SeeInvis .   A - +0 whip (elec)
rCold    x . .     Faith    .   c - +0 kite shield
rNeg     + . .     Spirit   .   q - +0 plate armour
rPois    .         Reflect  .   (helmet restricted)
rElec    .         Harm     .   (no cloak)
rCorr    .         Rampage  .   (no gloves)
Will     .....                  (no boots)
Stlth    ..........             (no amulet)
HPRegen  0.24/turn              j - +4 ring of evasion
MPRegen  0.11/turn              o - ring of fire

@: mighty, glowing
A: retaliatory headbutt, horns 2
a: Renounce Religion, Divine Shield


You were on level 9 of the Dungeon.
You worshipped the Shining One.
The Shining One was most pleased with you.
You visited 2 branches of the dungeon, and saw 10 of its levels.
You also visited: Sewer.

You collected 757 gold pieces.

Inventory:

Hand Weapons
 a - a +0 flail
 h - a +0 whip of flaming
 A - a +0 whip of electrocution (weapon)
Armour
 c - a +0 kite shield (worn)
 n - a +0 buckler
 q - a +0 plate armour (worn)
Jewellery
 j - a +4 ring of evasion (left hand)
 o - a ring of fire (right hand)
 p - a +6 ring of intelligence
 B - a cursed -4 ring of protection {unknown}
Wands
 r - a wand of paralysis (7)
 D - a wand of flame (14)
Scrolls
 b - 2 scrolls of blinking {unknown}
 e - 2 scrolls of fog {unknown}
 g - 5 scrolls of teleportation {unknown}
 i - a scroll of immolation {unknown}
 k - 6 scrolls of remove curse {unknown}
 m - 7 scrolls of identify {unknown}
 w - 2 scrolls of fear {unknown}
 x - 2 scrolls of magic mapping {unknown}
 y - 2 scrolls of amnesia {unknown}
 E - a scroll of enchant weapon {unknown}
Potions
 f - 7 potions of curing {unknown}
 l - a potion of degeneration {unknown}
 s - 2 potions of haste {unknown}
 t - a potion of heal wounds {unknown}
 u - 3 potions of flight {unknown}
 v - a potion of cancellation {unknown}
 z - 2 potions of invisibility {unknown}
 C - a potion of lignification {unknown}


   Skills:
 + Level 7.3 Fighting
 + Level 10.1 Maces & Flails
 + Level 10.2 Armour
 * Level 7.3 Dodging
 + Level 7.4 Shields


You had 9 spell levels left.
You didn't know any spells.
Your spell library contained the following spells:

 Spells                   Type           Power        Failure   Level
 Magic Dart               Conj           0%           100%        1
 Blink                    Tloc           N/A          100%        2
 Call Imp                 Summ           0%           100%        2
 Slow                     Hex            0%           100%        2
 Conjure Flame            Conj/Fire      0%           100%        3
 Mephitic Cloud           Conj/Pois/Air  0%           100%        3


Dungeon Overview and Level Annotations

Branches:
Dungeon (9/15)             Temple (1/1) D:4           Sewer (visited)
   Lair: D:8-11         Orc: D:9-12

Altars:
Cheibriados
Elyvilon
Gozag
Hepliaklqana
Kikubaaqudgha
Makhleb
Qazlal
Trog
Uskayaw
Vehumet
Wu Jian
Zin
The Shining One

Annotations:
D:6 2 transporters, PaiMei's ghost, novice DsNe


Innate Abilities, Weirdness & Mutations

You reflexively headbutt those who attack you in melee.
You have a pair of horns on your head.


Message History

You feel very mighty all of a sudden.
You hit the black bear.
Lightning courses through the black bear!
You headbutt the black bear, but do no damage.
The black bear is heavily wounded.
You whack the black bear!
The black bear is severely wounded.
You block the black bear's attack. x2; The black bear claws you.
You hit the black bear.
The black bear is almost dead.
You whack the black bear!
You kill the black bear!
You block the two-headed ogre's attack.
The two-headed ogre hits you with a +0 giant club!
You whack the two-headed ogre! You headbutt the two-headed ogre.
The two-headed ogre is moderately wounded.
The two-headed ogre hits you with a +0 giant club!
* * * LOW HITPOINT WARNING * * *
The two-headed ogre hits you with a +0 giant club!!
You die...

#.#########
#....†@O†.#
#########.#
#.# #.# #O#
#.# #.. #.#


You could see a two-headed ogre.

Vanquished Creatures
  A hydra (D:6)
  Pikel (D:6)
  A komodo dragon (D:7)
  A wraith (D:8)
  An acid dragon (D:7)
  2 black bears
  2 orc warriors
  4 sky beasts
  A centaur (D:7)
  A phantom (D:8)
  4 necrophages
  3 ogres
  A lemure (D:6)
  2 big kobolds (D:6)
  3 bullfrogs
  3 scorpions
  4 wights (D:6)
  4 killer bees (D:7)
  A howler monkey (D:6)
  A centaur zombie (D:7)
  4 bullfrog skeletons
  A hound (D:6)
  3 jellies
  2 orc priests
  4 orc wizards
  2 centaur skeletons
  An iguana (D:7)
  4 worker ants
  Natasha (thrice) (D:2)
  A killer bee zombie (D:7)
  The ghost of vvl the Ruffian, a weakling DrTm (D:4)
  A hound zombie (D:8)
  2 hound skeletons (D:7)
  14 adders
  2 shadow imps
  3 white imps
  An ufetubus (D:3)
  An adder skeleton (D:7)
  2 worms
  4 dart slugs
  A leopard gecko (D:3)
  22 orcs
  5 ball pythons (Sewer)
  3 giant cockroaches
  9 goblins
  8 hobgoblins
  11 jackals
  5 quokkas
  7 bats
  7 frilled lizards
  A jackal skeleton (D:5)
  19 kobolds
  13 rats
208 creatures vanquished.

Vanquished Creatures (others)
  5 plants (Sewer)
5 creatures vanquished.

Grand Total: 213 creatures vanquished

Notes
Turn   | Place    | Note
-------+----------+-------------------------------------------
     0 | D:1      | bigdumb the Minotaur Fighter began the quest for the Orb.
     0 | D:1      | Reached XP level 1. HP: 19/19 MP: 0/0
   396 | D:1      | Reached XP level 2. HP: 26/27 MP: 1/1
  1111 | D:2      | Found a stormy altar of Qazlal.
  1111 | D:2      | Found an ancient bone altar of Kikubaaqudgha.
  1111 | D:2      | Found a white marble altar of Elyvilon.
  1121 | D:2      | Reached XP level 3. HP: 33/33 MP: 2/2
  1127 | D:2      | Reached skill level 1 in Dodging
  1354 | D:2      | Noticed Natasha
  1366 | D:2      | Killed Natasha
  1463 | D:2      | Noticed Natasha
  1466 | D:2      | Killed Natasha
  1467 | D:2      | Reached XP level 4. HP: 41/41 MP: 3/3
  1923 | D:2      | Noticed Natasha
  1927 | D:2      | Killed Natasha
  1928 | D:2      | Reached XP level 5. HP: 44/47 MP: 4/4
  3572 | D:4      | Found a staircase to the Ecumenical Temple.
  3585 | D:4      | Reached skill level 5 in Armour
  3610 | D:4      | Reached XP level 6. HP: 53/53 MP: 5/5
  3855 | D:4      | Found a hazy altar of Hepliaklqana.
  3857 | D:4      | Found a bloodstained altar of Trog.
  3857 | D:4      | Found a burning altar of Makhleb.
  4041 | D:4      | Found a runed translucent door.
  4065 | D:4      | Found a glowing drain.
  4082 | Sewer    | Entered a sewer
  4980 | D:4      | Reached skill level 5 in Maces & Flails
  5186 | D:4      | Noticed vvl's ghost (weakling DrTm)
  5201 | D:4      | Killed vvl's ghost
  5360 | Temple   | Entered the Ecumenical Temple
  5384 | Temple   | Became a worshipper of the Shining One
  5430 | D:5      | Entered Level 5 of the Dungeon
  5438 | D:5      | Noticed a sky beast
  5445 | D:5      | Reached skill level 5 in Fighting
  5445 | D:5      | Reached XP level 7. HP: 34/61 MP: 6/6
  5869 | D:5      | Reached skill level 5 in Shields
  6385 | D:5      | Reached XP level 8. HP: 63/69 MP: 7/7
  6809 | D:6      | Found a transporter.
  6809 | D:6      | Noticed PaiMei's ghost (novice DsNe)
  6809 | D:6      | Reached * piety under the Shining One
  6819 | D:6      | Noticed Pikel
  6872 | D:6      | Killed Pikel
  7330 | D:6      | Found an opulent altar of Gozag.
  7382 | D:6      | Reached skill level 5 in Dodging
  7521 | D:6      | Noticed a seven-headed hydra
  7524 | D:6      | Reached XP level 9. HP: 75/75 MP: 8/8
  7540 | D:6      | Killed a seven-headed hydra
  7876 | D:6      | Found a transporter.
  8280 | D:7      | Reached ** piety under the Shining One
  8738 | D:7      | Noticed a komodo dragon
  8757 | D:7      | Killed a komodo dragon
  8758 | D:7      | Reached XP level 10. HP: 86/86 MP: 9/9
  8830 | D:7      | Found a runed translucent door.
  8831 | D:7      | Found a runed translucent door.
  8840 | D:7      | Reached skill level 10 in Armour
  9245 | D:8      | Reached skill level 10 in Maces & Flails
  9286 | D:8      | Reached *** piety under the Shining One
  9307 | D:9      | Noticed a two-headed ogre
  9319 | D:9      | Mangled by a two-headed ogre

Illustrated notes

Levels and vault maps discovered:
D:1:      saegor_arrival_simple_d, layout_basic
D:2:      layout_loops_ring, grunt_temple_overflow_open, uniq_natasha
D:3:      layout_loops_corners, serial_rivers, chequers_serial_rivers_marsh,
          chequers_serial_rivers_small_b, chequers_serial_rivers_micro_c,
          chequers_serial_rivers_small_3
D:4:      cheibrodos_greedy_goblins, layout_basic,
          gammafunk_temple_overflow_forgotten, minmay_temple_entry_hall,
          portal_sewer_entry_b, ebering_ghost_sewer_d, minmay_misc_feat_iff,
          lemuel_another_geyser
D:5:      layout_loops_ring
D:6:      cheibrodos_thug_alley, layout_rooms, gammafunk_ghost_mausoleum,
          grunt_gozag_breadcrumbs, uniq_pikel
D:7:      minmay_the_grid_triangle_9x9_rhombus_thin
          [minmay_the_grid_triangle_9x9_tough_junction,
          minmay_the_grid_triangle_9x9_prize_top_heavy,
          minmay_the_grid_triangle_9x9_limited_checkers,
          minmay_the_grid_triangle_9x9_odd_lines], layout_rooms
D:8:      layout_basic
D:9:      layout_basic, lair_entry_dummy, basic_altar, grunt_ministairs_12,
          amethyst_killhole, hangedman_decor_slide_cut
Temple:   eino_temple_scatter_basement

Skill      XL: |  1  2  3  4  5  6  7  8  9 10 |
---------------+-------------------------------+-----
Fighting       | 4 5 6 7 |  7.3
Armour         | 4 5 7 8 9 10 | 10.2
Dodging        | 1 2 3 4 5 6 7 |  7.3
Shields        | 4 5 7 |  7.4
Maces & Flails | 3 4 5 6 7 9 10 | 10.1

Action                   |  1- 3 |  4- 6 |  7- 9 | 10-12 || total
-------------------------+-------+-------+-------+-------++-------
Melee: Flail             |     9 |       |       |       ||     9
       Whip              |    66 |   253 |   267 |    81 ||   667
       Headbutt          |    10 |    38 |    49 |    19 ||   116
Evoke: Wand              |       |       |       |     1 ||     1
  Use: Potion            |       |       |     2 |     1 ||     3
Armor: Scale mail        |    21 |    11 |       |       ||    32
       Plate armour      |       |    82 |    63 |    12 ||   157
Dodge: Dodged            |    17 |   133 |    82 |    20 ||   252
Block: Kite shield       |    16 |       |    39 |    30 ||    85
       Buckler           |     3 |    52 |    27 |       ||    82
